 Dungeon Crawl Stone Soup version 0.27-a0-1051-g288ea87c7c (webtiles) character file.

Game seed: 16470098671630369179

3822 rageheart7 the Carver (level 10, -1/76 HPs)
             Began as a Gnoll Wanderer on Apr 21, 2021.
             Was a Believer of Ashenzari.
             Slain by a two-headed ogre
             ... wielding a +0 giant spiked club
              (12 damage)
             ... on level 8 of the Dungeon.
             The game lasted 00:21:50 (10840 turns).

rageheart7 the Carver (Gnoll Wanderer)             Turns: 10840, Time: 00:21:50

Health: -1/76      AC: 13    Str: 14    XL:     10   Next: 17%
Magic:  11/17      EV: 15    Int: 12    God:    Ashenzari [**....]
Gold:   410        SH:  6    Dex: 18    Spells: 13/19 levels left

rFire    . . .     SeeInvis +   a - +2 dagger of the Eye in the Sky {Bglg, Fort} (curse)
rCold    . . .     Faith    .   d - +0 buckler of the Prescient God {Bglg, Cun} (curse)
rNeg     . . .     Spirit   .   n - +2 animal skin "Shattered Lethargy" {Fort, Alch} (curse)
rPois    .         Reflect  .   o - +2 helmet
rElec    .         Harm     .   D - +0 cloak
rCorr    .         Rampage  .   (no gloves)
Will     .....                  (no boots)
Stlth    ++++......             (no amulet)
HPRegen  0.22/turn              f - +6 ring of dexterity
MPRegen  0.15/turn              v - +4 ring of protection

@: no status effects
A: fangs 1, strong nose, distributed training
a: Renounce Religion, Shatter the Chains


You were on level 8 of the Dungeon.
You worshipped Ashenzari.
Ashenzari was pleased with you.
You visited 2 branches of the dungeon, and saw 9 of its levels.

You collected 410 gold pieces.

Inventory:

Hand Weapons
 a - the cursed +2 dagger of the Eye in the Sky (weapon) {Bglg, Fort}

   It has a curse which improves the following skills: Beguiling: Conjurations,
   Hexes and Translocations.
   Fortitude: Armour and Shields.
Missiles
 m - 6 atropa-tipped darts (quivered)
Armour
 d - the cursed +0 buckler of the Prescient God (worn) {Bglg, Cun}

   It has a curse which improves the following skills: Beguiling: Conjurations,
   Hexes and Translocations.
   Cunning:   Dodging and Stealth.
 n - the cursed +2 animal skin "Shattered Lethargy" (worn) {Fort, Alch}
   (You took it off Robin on level 2 of the Dungeon)

   It has a curse which improves the following skills: Fortitude: Armour and
   Shields.
   Alchemy:   Poison Magic and Transmutations.
 o - a +2 helmet (worn)
 D - a +0 cloak (worn)
Magical Staves
 l - a staff of conjuration
Jewellery
 e - a ring of magical power
 f - a +6 ring of dexterity (left hand)
 i - a ring of see invisible
 p - a ring of protection from fire
 q - a ring of resist corrosion
 v - a +4 ring of protection (right hand)
 A - an amulet of magic regeneration
Wands
 s - a wand of acid (5)
 t - a wand of paralysis (8)
 u - a wand of digging (1)
 C - a wand of flame (17)
Scrolls
 b - 6 scrolls of fear
 j - 3 scrolls of teleportation
 w - a scroll of blinking
 x - 2 scrolls of immolation
 y - a scroll of amnesia
 B - a scroll of summoning
 E - a scroll of enchant armour
Potions
 c - 2 potions of lignification
 g - a potion of ambrosia
 h - a potion of haste
 k - a potion of flight
 r - 2 potions of heal wounds
 z - a potion of invisibility


   Skills:
 + Level 5.7 Fighting
 + Level 5.7 Short Blades
 + Level 8.3 Long Blades
 + Level 5.0 Axes
 + Level 5.0 Maces & Flails
 + Level 5.0 Polearms
 + Level 5.0 Staves
 + Level 5.0 Slings
 + Level 5.0 Bows
 + Level 5.0 Crossbows
 + Level 5.0 Throwing
 + Level 5.0(7.2) Armour
 + Level 5.0(6.4) Dodging
 + Level 7.9(9.4) Stealth
 + Level 5.7(8.0) Shields
 + Level 5.0 Unarmed Combat
 + Level 5.0 Spellcasting
 + Level 4.1(6.3) Conjurations
 + Level 4.1(6.3) Hexes
 + Level 4.1 Summonings
 + Level 4.1 Necromancy
 + Level 4.1(6.3) Translocations
 + Level 4.1(5.5) Transmutations
 + Level 4.1 Fire Magic
 + Level 4.1 Ice Magic
 + Level 4.1 Air Magic
 + Level 4.1 Earth Magic
 + Level 4.1(5.5) Poison Magic
 + Level 5.5 Invocations
 + Level 5.7 Evocations


You had 13 spell levels left.
You knew the following spells:

 Your Spells              Type           Power      Damage    Failure   Level
a - Summon Guardian Gole  Hex/Summ       15%        N/A       7%          3
b - Call Canine Familiar  Summ           13%        N/A       11%         3

Your spell library contained the following spells:

 Spells                   Type           Power      Damage    Failure   Level
 Animate Skeleton         Necr           26%        N/A       3%          1
 Pain                     Necr           52%        1d6       3%          1
 Summon Small Mammal      Summ           52%        N/A       3%          1
 Confusing Touch          Hex            18%        N/A       4%          3
 Gell's Gravitas          Tloc           9%         N/A       4%          3
 Call Imp                 Summ           13%        N/A       5%          2
 Vampiric Draining        Necr           6%         2d6       11%         3
 Petrify                  Tmut/Erth      14%        N/A       26%         4
 Animate Dead             Necr           6%         N/A       34%         4
 Summon Ice Beast         Ice/Summ       13%        N/A       34%         4
 Summon Lightning Spire   Summ/Air       13%        N/A       34%         4
 Yara's Violent Unravell  Hex/Tmut       8%         3d5       43%         5
 Metabolic Englaciation   Hex/Ice        7%         N/A       54%         5
 Agony                    Necr           13%        N/A       69%         5


Dungeon Overview and Level Annotations

Branches:
Dungeon (8/15)             Temple (1/1) D:5
   Lair: D:8-11

Altars:
Ashenzari
Cheibriados
Dithmenos
Elyvilon
Fedhas
Gozag
Hepliaklqana
Kikubaaqudgha
Makhleb
Nemelex Xobeh
Okawaru
Qazlal
Ru
Sif Muna
Trog
Uskayaw
Vehumet
Wu Jian
Xom
Yredelemnul
Zin
The Shining One


Innate Abilities, Weirdness & Mutations

You have very sharp teeth.
Your uncanny sense of smell can sniff out nearby items.
Your experience applies equally to all skills.


Message History

Your hound bites the two-headed ogre but does no damage.
You hit the two-headed ogre.
The two-headed ogre is heavily wounded.
Your hound bites the two-headed ogre.
You hit the two-headed ogre.
The two-headed ogre is severely wounded.
You block the two-headed ogre's attack. x2
Your hound barely misses the two-headed ogre.
You hit the two-headed ogre. You bite the two-headed ogre.
The two-headed ogre is severely wounded.
Your hound bites the two-headed ogre.
You hit the two-headed ogre but do no damage.
The two-headed ogre is severely wounded.
The two-headed ogre closely misses you.
The two-headed ogre hits you with a +0 giant club!!
* * * LOW HITPOINT WARNING * * *
Your hound bites the two-headed ogre but does no damage.
You closely miss the two-headed ogre.
The two-headed ogre is severely wounded.
Your hound barely misses the two-headed ogre.
Casting: Call Canine Familiar (dangerous; 11% risk of failure)
Confirm with . or Enter, or press ? or * to list all spells.
A guardian golem appears, shielding your allies.
Your hound closely misses the two-headed ogre.
You block the two-headed ogre's attack. x2
Your hound barely misses the two-headed ogre.
Your hound bites the two-headed ogre but does no damage.
The two-headed ogre hits you with a +0 giant spiked club!
* * * LOW HITPOINT WARNING * * *
The two-headed ogre completely misses you.
Your hound closely misses the two-headed ogre.
Your hound bites the two-headed ogre.
Your hound barely misses the two-headed ogre.
Your hound bites the two-headed ogre.
Casting: Summon Guardian Golem (dangerous; 7% risk of failure)
Confirm with . or Enter, or press ? or * to list all spells.
A guardian golem appears, shielding your allies.
Your guardian golem disappears in a puff of smoke!
The two-headed ogre hits you with a +0 giant spiked club!
You die...

#..................#.#......###..
#...............#.....#..........
#......8...........#.#..##...##..
.... .....####....##...##...###.
, .... * #§#.......##.#.# #. ..#
* #.###.#.####.#.# ## * , .* #h#
#.#......#.#### ,*
#O###.###.##....... * #8@...#
#.##...#### * *, #.###.# #.##...#
# ∆,,...# #.# #.##...# # * ,
*##### #.###.##...# # *
#..........#### , , *
#.#............
#.#####.#.####.#.#### ∆
..<..............# # ,, *
#######..######### #


You could see a two-headed ogre (ally target), a friendly guardian golem
(summoned) and a friendly hound (summoned, sheltered).

Vanquished Creatures
  Joseph (D:7)
  Sigmund (D:6)
  A wyvern (D:7)
  A yak (D:8)
  Edmund (D:6)
  2 black bears (D:7)
  3 sky beasts
  An ogre (D:5)
  A wolf (D:8)
  4 centaurs
  A phantom (D:7)
  A bullfrog (D:7)
  2 scorpions
  3 howler monkeys
  An electric eel (D:8)
  A wyvern simulacrum (D:8)
  2 hounds (D:4)
  3 jellies
  Crazy Yiuf (D:7)
  An orc priest (D:6)
  A bullfrog skeleton (D:4)
  2 iguanas (D:6)
  An orc wizard (D:6)
  Terence (D:2)
  A killer bee zombie (D:4)
  Robin (D:2)
  A killer bee simulacrum (D:8)
  6 gnolls (D:4)
  8 adders
  A shadow imp (D:7)
  A white imp (D:3)
  A howler monkey simulacrum (D:8)
  An ufetubus (D:8)
  An adder skeleton (D:5)
  A worm (D:3)
  A dart slug (D:1)
  6 orcs
  3 ball pythons
  9 bats
  6 endoplasms
  4 giant cockroaches
  10 goblins
  8 hobgoblins
  8 jackals
  8 quokkas
  4 frilled lizards
  7 kobolds
  8 rats
142 creatures vanquished.

Vanquished Creatures (collateral kills)
  An ice beast (D:8)
  A killer bee zombie (D:8)
  3 orcs (D:8)
5 creatures vanquished.

Vanquished Creatures (others)
  Pikel (D:5)
  A yak (D:8)
  A steam dragon (D:8)
  An ice beast (D:8)
  An ogre (D:5)
  2 lemures (D:5)
  An orc wizard (D:8)
  A white imp (D:8)
  An ufetubus (D:8)
  A bush (D:5)
11 creatures vanquished.

Grand Total: 158 creatures vanquished

Notes
Turn   | Place    | Note
-------+----------+-------------------------------------------
     0 | D:1      | rageheart7 the Gnoll Wanderer began the quest for the Orb.
     0 | D:1      | rageheart7 set off with the following items: a +2 dagger, a
                  | scroll of fear, a potion of lignification, a +0 buckler, a
                  | +0 robe
     0 | D:1      | Reached XP level 1. HP: 17/17 MP: 1/1
   307 | D:1      | Reached XP level 2. HP: 15/23 MP: 2/2
  1071 | D:1      | Reached XP level 3. HP: 28/28 MP: 3/3
  1553 | D:2      | Noticed Robin
  1937 | D:2      | Killed Robin
  1938 | D:2      | Reached skill level 1 in Invocations
  2027 | D:1      | Reached skill level 1 in Axes
  2027 | D:1      | Reached skill level 1 in Maces & Flails
  2027 | D:1      | Reached skill level 1 in Polearms
  2027 | D:1      | Reached skill level 1 in Staves
  2027 | D:1      | Reached skill level 1 in Slings
  2027 | D:1      | Reached skill level 1 in Bows
  2027 | D:1      | Reached skill level 1 in Crossbows
  2027 | D:1      | Reached skill level 1 in Throwing
  2027 | D:1      | Reached skill level 1 in Armour
  2027 | D:1      | Reached skill level 1 in Dodging
  2027 | D:1      | Reached skill level 1 in Unarmed Combat
  2027 | D:1      | Reached skill level 1 in Spellcasting
  2287 | D:2      | Reached XP level 4. HP: 34/34 MP: 5/5
  2497 | D:2      | Noticed Terence
  2517 | D:2      | Killed Terence
  2518 | D:2      | Reached skill level 1 in Conjurations
  2518 | D:2      | Reached skill level 1 in Hexes
  2518 | D:2      | Reached skill level 1 in Summonings
  2518 | D:2      | Reached skill level 1 in Necromancy
  2518 | D:2      | Reached skill level 1 in Translocations
  2518 | D:2      | Reached skill level 1 in Transmutations
  2518 | D:2      | Reached skill level 1 in Fire Magic
  2518 | D:2      | Reached skill level 1 in Ice Magic
  2518 | D:2      | Reached skill level 1 in Air Magic
  2518 | D:2      | Reached skill level 1 in Earth Magic
  2518 | D:2      | Reached skill level 1 in Poison Magic
  2702 | D:2      | Found a faded altar of an unknown god.
  2925 | D:2      | Reached XP level 5. HP: 40/40 MP: 6/6
  3285 | D:3      | Identified a scroll of acquirement
  3285 | D:3      | Acquired a ring of magical power
  4441 | D:4      | Reached XP level 6. HP: 47/47 MP: 8/8
  5381 | D:5      | Entered Level 5 of the Dungeon
  5412 | D:5      | Found a staircase to the Ecumenical Temple.
  5425 | D:5      | Reached XP level 7. HP: 51/52 MP: 10/10
  5505 | Temple   | Entered the Ecumenical Temple
  5647 | Temple   | Became a worshipper of Ashenzari the Shackled
  6263 | D:5      | Reached skill level 7 in Long Blades
  6705 | D:5      | Learned a level 3 spell: Summon Guardian Golem
  6784 | D:5      | Noticed Pikel
  6849 | D:5      | Killed Pikel
  6850 | D:5      | Reached XP level 8. HP: 15/60 MP: 2/12
  7090 | D:5      | Found an iron altar of Okawaru.
  7892 | D:6      | Reached * piety under Ashenzari
  8261 | D:6      | Noticed Edmund
  8268 | D:6      | Killed Edmund
  8269 | D:6      | Reached XP level 9. HP: 66/66 MP: 14/14
  8282 | D:6      | Noticed Sigmund
  8285 | D:6      | Killed Sigmund
  8338 | D:6      | Learned a level 3 spell: Call Canine Familiar
  8368 | D:7      | Noticed Joseph
  8382 | D:7      | Killed Joseph
  8383 | D:7      | Reached skill level 5 in Fighting
  8383 | D:7      | Reached skill level 5 in Short Blades
  8383 | D:7      | Reached skill level 5 in Shields
  8383 | D:7      | Reached skill level 5 in Evocations
  8698 | D:7      | Reached skill level 8 in Long Blades
  8882 | D:7      | Reached skill level 5 in Invocations
  8935 | D:7      | Reached ** piety under Ashenzari
  9029 | D:7      | Found a runed translucent door.
  9030 | D:7      | Noticed Crazy Yiuf
  9446 | D:7      | Killed Crazy Yiuf
  9610 | D:8      | HP: 2/68 [steam dragon/ball of steam (18)]
 10074 | D:8      | Reached XP level 10. HP: 67/74 MP: 9/17
 10517 | D:8      | Reached skill level 5 in Axes
 10517 | D:8      | Reached skill level 5 in Maces & Flails
 10517 | D:8      | Reached skill level 5 in Polearms
 10517 | D:8      | Reached skill level 5 in Staves
 10517 | D:8      | Reached skill level 5 in Slings
 10517 | D:8      | Reached skill level 5 in Bows
 10517 | D:8      | Reached skill level 5 in Crossbows
 10517 | D:8      | Reached skill level 5 in Throwing
 10517 | D:8      | Reached skill level 5 in Armour
 10517 | D:8      | Reached skill level 5 in Dodging
 10517 | D:8      | Reached skill level 5 in Unarmed Combat
 10517 | D:8      | Reached skill level 5 in Spellcasting
 10659 | D:8      | Noticed a gargoyle
 10812 | D:8      | Noticed a two-headed ogre
 10840 | D:8      | Slain by a two-headed ogre

Illustrated notes

Levels and vault maps discovered:
D:1:      dpeg_arrival_leaves_temple_mockup, layout_loops_ring,
          kennysheep_decorative_pillar, minmay_misc_feat_more_columns,
          minmay_split_cup_small
D:2:      layout_loops_ring, hellmonk_ecumenical_altar_lost_god,
          kennysheep_generic_room_15, uniq_terence, uniq_robin
D:3:      layout_loops_ring, hangedman_decor_lopped, nrook_uturn
D:4:      layout_loops_ring, chequers_serial_rivers_room_a
D:5:      layout_loops_ring, lemuel_coloured_pillars_altar, temple_hall,
          minmay_misc_feat_x, kb_lookout_dungeons_type, uniq_pikel
D:6:      layout_rooms, serial_park_tiny_pond, hangedman_decor_points,
          sigmund_edmund_badplayer
D:7:      layout_loops_cross, uniq_joseph, uniq_crazy_yiuf_cottage
D:8:      layout_loops_ring, serial_ice, serial_ice_n, serial_ice_g,
          serial_ice_l, serial_ice_o, serial_ice_c, serial_ice_b, serial_ice_f,
          serial_ice_m, minmay_pinched_square
Temple:   kilobyte_greek_temple

Skill      XL: |  1  2  3  4  5  6  7  8  9 10 |
---------------+-------------------------------+-----
Stealth        | 6 7 |  7.9
Invocations    | 1 2 3 4 5 |  5.5
Axes           | 1 2 3 4 5 |  5.0
Maces & Flails | 1 2 3 4 5 |  5.0
Polearms       | 1 2 3 4 5 |  5.0
Staves         | 1 2 3 4 5 |  5.0
Slings         | 1 2 3 4 5 |  5.0
Bows           | 1 2 3 4 5 |  5.0
Crossbows      | 1 2 3 4 5 |  5.0
Throwing       | 1 2 3 4 5 |  5.0
Armour         | 1 2 3 4 5 |  5.0
Dodging        | 1 2 3 4 5 |  5.0
Unarmed Combat | 1 2 3 4 5 |  5.0
Spellcasting   | 1 2 3 4 5 |  5.0
Conjurations   | 1 2 3 4 |  4.1
Hexes          | 1 2 3 4 |  4.1
Summonings     | 1 2 3 4 |  4.1
Necromancy     | 1 2 3 4 |  4.1
Translocations | 1 2 3 4 |  4.1
Transmutations | 1 2 3 4 |  4.1
Fire Magic     | 1 2 3 4 |  4.1
Ice Magic      | 1 2 3 4 |  4.1
Air Magic      | 1 2 3 4 |  4.1
Earth Magic    | 1 2 3 4 |  4.1
Poison Magic   | 1 2 3 4 |  4.1
Fighting       | 3 4 5 |  5.7
Short Blades   | 3 4 5 |  5.7
Shields        | 3 4 5 |  5.7
Evocations     | 3 4 5 |  5.7
Long Blades    | 7 8 |  8.3

Action                   |  1- 3 |  4- 6 |  7- 9 | 10-12 || total
-------------------------+-------+-------+-------+-------++-------
Melee: Dagger            |   132 |   241 |   338 |    80 ||   791
       Bite              |    11 |    19 |    57 |    16 ||   103
Throw: Dart              |     2 |     4 |    14 |       ||    20
 Cast: Summon Guardian G |       |       |     9 |     2 ||    11
       Call Canine Famil |       |       |     7 |     8 ||    15
Invok: Curse Item        |       |       |     3 |       ||     3
Evoke: Wand              |       |     2 |       |       ||     2
  Use: Scroll            |       |     8 |     1 |       ||     9
       Potion            |       |       |     2 |       ||     2
 Stab: Sleeping          |     7 |    13 |    13 |     1 ||    34
       Invisible         |     1 |     2 |     8 |       ||    11
       Distracted        |       |       |     2 |     2 ||     4
Armor: Robe              |    22 |       |       |       ||    22
       Animal skin       |       |    51 |    86 |    14 ||   151
Dodge: Dodged            |    58 |   145 |   138 |    44 ||   385
Block: Buckler           |    25 |    45 |    68 |    28 ||   166

Table legend: (Time is in decaauts)
 A = Elapsed time spent in this place.
 B = Non-inter-level travel time spent in this place.
 C = Inter-level travel time spent in this place.
 D = Time resting spent in this place.
 E = Time spent auto-exploring this place.
 F = Levels seen in this place.
 G = Mean time per level.
                   A        B        C        D        E       F      G
               +--------+--------+--------+--------+--------+-----+--------+
         Total |  10700 |  10389 |    311 |    340 |   8255 |   9 | 1188.9 |
       Dungeon |  10516 |  10246 |    270 |    340 |   8119 |   8 | 1314.5 |
        Temple |    184 |    143 |     41 |      0 |    136 |   1 |  184.0 |
               +--------+--------+--------+--------+--------+-----+--------+

Top non-repeatable levels by time:
     D:1: 2012 daAuts
     D:5: 1809 daAuts
     D:7: 1541 daAuts
     D:3: 1240 daAuts
     D:2: 1122 daAuts
     D:4: 964 daAuts
     D:6: 938 daAuts
     D:8: 886 daAuts
  Temple: 184 daAuts
